 Dungeon Crawl Stone Soup version 0.25-a0-458-g6fc7858b95 (webtiles) character file.

Game seed: 9745449591755263589, levelgen mode: deterministic

1 Conn the Magician (level 1, 0/11 HPs)
             Began as an Octopode Wizard on Feb 1, 2020.
             Slain by a jackal (2 damage)
             ... on level 1 of the Dungeon.
             The game lasted 00:00:45 (76 turns).

Conn the Magician (Octopode Wizard)                   Turns: 76, Time: 00:00:46

Health: 0/11       AC:  2    Str:  6    XL:     1   Next: 20%
Magic:  0/4        EV: 13    Int: 22    God:
Gold:   6          SH:  0    Dex: 10    Spells: 5/6 levels left

rFire    + . .     SeeInvis .   (no weapon)
rCold    . . .     Gourm    .   (no shield)
rNeg     . . .     Faith    .   a - +1 hat
rPois    .         Spirit   .   (no amulet)
rElec    +         Reflect  .   (no ring)
rCorr    .         Harm     .   (no ring)
MR       .....                  (no ring)
Stlth    +++.......             (no ring)
HPRegen  0.03/turn              (no ring)
MPRegen  0.09/turn              (no ring)
                                (no ring)
                                (no ring)

@: no status effects
A: almost no armour, stealthy swim, amphibious, 8 rings, constrict 8, camouflage
1, clever 1, fire resistance 1, electricity resistance, gelatinous body 1
a: no special abilities


You were on level 1 of the Dungeon.
You were not hungry.

You visited 1 branch of the dungeon, and saw 1 of its levels.

You collected 6 gold pieces.

Inventory:

Armour
 a - a +1 hat (worn)
Comestibles
 c - a ration


   Skills:
 + Level 2.0 Dodging
 + Level 2.6 Stealth
 + Level 3.0 Spellcasting
 + Level 1.0 Conjurations
   Level 1.0 Summonings
   Level 1.0 Translocations


You had 5 spell levels left.
You knew the following spells:

 Your Spells              Type           Power        Failure   Level  Hunger
a - Magic Dart            Conj           #...         9%          1    None

Your spell library contained the following spells:

 Spells                   Type           Power        Failure   Level  Hunger
 Blink                    Tloc           N/A          12%         2    ##.....
 Call Imp                 Summ           #.......     12%         2    ##.....
 Slow                     Hex            #.......     19%         2    ##.....
 Conjure Flame            Conj/Fire      #.......     30%         3    ###....
 Mephitic Cloud           Conj/Pois/Air  #.......     32%         3    ###....


Dungeon Overview and Level Annotations

Branches:
Dungeon (1/15)

Altars:


Innate Abilities, Weirdness & Mutations

You cannot wear most types of armour.
You are very stealthy in the water. (Stealth+)
You are amphibious.
You can wear up to eight rings at the same time.
You can use your tentacles to constrict eight enemies at once.
Your skin changes colour to match your surroundings (Stealth+).
Your rubbery body absorbs attacks. (AC +1, EV +1)
Your mind is acute. (Int +2)
Your flesh is heat resistant. (rF+)
You are resistant to electric shocks. (rElec)


Message History

The magic dart hits the jackal.
The jackal is moderately wounded.
The jackal misses you.
Casting: Magic Dart (safe; 9% risk of failure)
Confirm with . or Enter, or press ? or * to list all spells.
Aiming: Magic Dart (safe; 9% risk of failure)
Press: ? - help, Shift-Dir - straight line, f/p - jackal
Aim: a jackal (moderately wounded)
The magic dart hits the jackal.
The jackal is severely wounded.
The jackal bites you but does no damage.
Casting: Magic Dart (safe; 9% risk of failure)
Confirm with . or Enter, or press ? or * to list all spells.
Aiming: Magic Dart (safe; 9% risk of failure)
Press: ? - help, Shift-Dir - straight line, f/p - jackal
Aim: a jackal (severely wounded)
The magic dart hits the jackal.
The jackal is almost dead.
The jackal barely misses you. The jackal bites you.
You die...

.⌠.........⌠........##>....#
.....................#.....# #
......<..........⌠...#.....#.#
.....................#.......#
.⌠.........⌠........##......#
...............⌠...##.....#
(.....⌠..........###......#
.............#####h..##.......
######.#######..@hg### ...gr.$
#.........##### ...h...
########### ....... .......
.......


You could see 2 jackals and a hobgoblin.

Vanquished Creatures
  A jackal (D:1)
1 creature vanquished.

Notes
Turn   | Place    | Note
-------+----------+-------------------------------------------
     0 | D:1      | Conn the Octopode Wizard began the quest for the Orb.
     0 | D:1      | Reached XP level 1. HP: 11/11 MP: 4/4
    72 | D:1      | Gained mutation: Your flesh is heat resistant. (rF+)
                  | [potion of mutation]
    72 | D:1      | Gained mutation: You are resistant to electric shocks.
                  | (rElec) [potion of mutation]
    72 | D:1      | Gained mutation: Your mind is acute. (Int +2) [potion of
                  | mutation]
    76 | D:1      | Slain by a jackal

Levels and vault maps discovered:
D:1:      dpeg_arrival_water_temple_mockup, layout_basic

Action                   || total
-------------------------++-------
Melee: Unarmed           ||     4
       Constrict         ||     2
       Tentacles         ||     1
 Cast: Magic Dart        ||     4
  Use: Scroll            ||     1
       Potion            ||     1
Armor: Skin              ||     1
Dodge: Dodged            ||     7

Table legend:
 A = Non-vault XP
 B = Vault XP
 C = Vault XP percentage of total XP
 D = Non-vault monster count
 E = Vault monster count
 F = Vault count percentage of total count
                 A         B        C        D         E       F
            +---------+---------+-------+---------+---------+-------
      Total |       2 |       0 |   0.0 |       1 |       0 |   0.0
            +---------+---------+-------+---------+---------+-------
        D:1 |       2 |       0 |   0.0 |       1 |       0 |   0.0
            +---------+---------+-------+---------+---------+-------
